 Dungeon Crawl Stone Soup version 0.24.1-8-ga250c9d538 (webtiles) character file.

Game seed: 7926715224719803279, levelgen mode: deterministic

894 Hugehornet the Insei (level 8, -2/48 HPs)
             Began as an Octopode Transmuter on May 3, 2020.
             Was a Follower of Cheibriados.
             Slain by an ice beast (14 damage)
             ... on level 5 of the Dungeon.
             The game lasted 00:17:41 (4710 turns).

Hugehornet the Insei (Octopode Transmuter)          Turns: 4710, Time: 00:17:42

Health: -2/48      AC:  1    Str: 12    XL:     8   Next: 6%
Magic:  12/12      EV: 13    Int: 23    God:    Cheibriados [*.....]
Gold:   293        SH:  0    Dex: 15    Spells: 3/13 levels left

rFire    . . .     SeeInvis .     - Unarmed
rCold    . . .     Gourm    .   (no shield)
rNeg     . . .     Faith    .   (helmet restricted)
rPois    .         Spirit   .   m - amulet of regeneration
rElec    .         Reflect  .   y - +2 ring of intelligence
rCorr    .         Harm     .   (no ring)
MR       .....                  (no ring)
Stlth    +++.......             (no ring)
HPRegen  0.56/turn              (no ring)
MPRegen  0.13/turn              (no ring)
                                (no ring)
                                (no ring)

@: appendage, very slow
A: almost no armour, stealthy swim, amphibious, 8 rings, constrict 8, tentacle
spike 3, camouflage 1, gelatinous body 1
a: End Transformation, Bend Time, Renounce Religion


You were on level 5 of the Dungeon.
You worshipped Cheibriados.
Cheibriados was aware of your devotion.
You were not hungry.
One of your tentacles had a temporary spike.
You visited 2 branches of the dungeon, and saw 8 of its levels.

You collected 293 gold pieces.

Inventory:

Missiles
 a - 107 arrows
Armour
 o - a +0 shield
 v - a +0 large shield
Jewellery
 g - an uncursed amulet of the acrobat
 l - an uncursed ring of ice
 m - an amulet of regeneration (around mantle)
 q - an uncursed amulet of rage
 y - a +2 ring of intelligence (left tentacle)
Wands
 x - a wand of paralysis (7)
 B - a wand of flame (10)
Scrolls
 b - a scroll of blinking {unknown}
 d - a scroll of identify
 h - a scroll of enchant weapon {unknown}
 i - a scroll of noise {unknown}
 j - a scroll of magic mapping
 k - 5 scrolls of remove curse
 p - a scroll of teleportation
 r - a scroll of amnesia {unknown}
 s - a scroll of fog {unknown}
 t - 2 scrolls of enchant armour {unknown}
Potions
 f - a potion of lignification
 n - 3 potions of cancellation
 u - 2 potions of might
 w - a potion of flight
 z - a potion of magic {unknown}
 C - a potion of curing {unknown}
Comestibles
 c - 2 rations
 A - 2 chunks of flesh


   Skills:
 - Level 1.0 Fighting
 - Level 2.0 Dodging
 + Level 2.7 Stealth
 * Level 6.6 Unarmed Combat
 + Level 3.1 Spellcasting
 * Level 4.9 Transmutations
 - Level 2.0 Poison Magic
 + Level 2.5 Invocations


You had 3 spell levels left.
You knew the following spells:

 Your Spells              Type           Power        Failure   Level  Hunger
a - Beastly Appendage     Tmut           ####..       1%          1    None
b - Sticks to Snakes      Tmut           ####....     2%          2    ##.....
c - Spider Form           Tmut/Pois      ###.......   9%          3    ###....
d - Ice Form              Ice/Tmut       ##......     38%         4    ####...

Your spell library contained the following spells:

 Spells                   Type           Power        Failure   Level  Hunger
 Blade Hands              Tmut           ####......   38%         5    ######.


Dungeon Overview and Level Annotations

Branches:
Dungeon (7/15)             Temple (1/1) D:4

Altars:
Ashenzari
Cheibriados
Elyvilon
Fedhas
Gozag
Hepliaklqana
Kikubaaqudgha
Makhleb
Nemelex Xobeh
Okawaru
Qazlal
Ru
Sif Muna
Trog
Uskayaw
Vehumet
Wu Jian
Xom
Yredelemnul
Zin
The Shining One


Innate Abilities, Weirdness & Mutations

You cannot wear most types of armour.
You are very stealthy in the water. (Stealth+)
You are amphibious.
You can wear up to eight rings at the same time.
You can use your tentacles to constrict eight enemies at once.
Your skin changes colour to match your surroundings (Stealth+).
Your rubbery body absorbs attacks. (AC +1, EV +1)
One of your tentacles bears a large vicious spike.


Message History

Your tentacle spike misses the ice beast.
You completely miss the ice beast.
You pierce the ice beast.
The ice beast is lightly wounded.
The ice beast hits you. The ice beast freezes you!
You completely miss the ice beast.
You pierce the ice beast.
You squeeze the ice beast!
The ice beast is heavily wounded.
The ice beast misses you.
You tentacle-slap the ice beast.
Your tentacle spike misses the ice beast.
Your squeeze misses the ice beast.
The ice beast is severely wounded.
The ice beast hits you. The ice beast freezes you!
* * * LOW HITPOINT WARNING * * *
You barely miss the ice beast. Your squeeze misses the ice beast.
The ice beast is severely wounded.
The ice beast hits you.
* * * LOW HITPOINT WARNING * * *
The ice beast freezes you!
You die...

.....)...##)###..##,,,**,,*#....†
....##...##...#...#,,...,,,#...##
....##+####...#...*,,...,,,#...##
#...##........#..#*,..#*,,*#.....
#...##.......##..#*...##..##.....
#...##...##..##..##..........%...
#...#######..'...................
'............#........#*####.....
#............#..@Y....#*,,*#.o...
#............#..........,,......o
#...##...##..#...##..S##,........
######...##..#...#*,..#*.........
.............#...>*,,.'......^...
#.......(##..##...#,,,##,,**,,,,,
#........##..##..##*+***,,**,,,,,
#...##[......##..#*,,,**,,,,,,,,,
#...##...##...*,,,*,,,,,,,**,,,**


You could see an ice beast and an adder (sleeping).

Vanquished Creatures
  A necrophage (D:5)
  A phantom (D:5)
  An ogre (D:5)
  3 centaurs
  A centaur zombie (D:7)
  A jelly (D:5)
  A gnoll shaman (D:5)
  A bullfrog skeleton (D:6)
  2 worker ants
  A hound zombie (D:5)
  A hound skeleton (D:4)
  5 gnolls (D:5)
  A howler monkey skeleton (D:4)
  7 adders
  An ooze (D:2)
  2 worms
  4 dart slugs
  2 leopard geckos (D:3)
  10 orcs
  7 bats
  6 giant cockroaches
  6 goblins
  9 hobgoblins
  8 jackals
  8 kobolds
  2 quokkas (D:5)
  2 ball pythons
  2 frilled lizards
  A leopard gecko zombie (D:5)
  A quokka skeleton (D:5)
  9 rats
107 creatures vanquished.

Notes
Turn   | Place    | Note
-------+----------+-------------------------------------------
     0 | D:1      | Hugehornet the Octopode Transmuter began the quest for the
                  | Orb.
     0 | D:1      | Reached XP level 1. HP: 13/13 MP: 3/3
   189 | D:1      | Reached XP level 2. HP: 18/18 MP: 3/5
   194 | D:1      | Learned a level 2 spell: Sticks to Snakes
   270 | D:1      | You fall into a shaft and drop 1 floor!
   432 | D:2      | Found a stormy altar of Qazlal.
   658 | D:1      | Reached XP level 3. HP: 23/23 MP: 4/6
   773 | D:1      | Learned a level 3 spell: Spider Form
  1695 | D:3      | Reached XP level 4. HP: 24/28 MP: 5/7
  1781 | D:3      | Reached skill level 1 in Poison Magic
  2168 | D:3      | Reached XP level 5. HP: 25/33 MP: 6/8
  2174 | D:3      | Noticed a centaur
  2183 | D:3      | Killed a centaur
  2183 | D:3      | Reached skill level 4 in Unarmed Combat
  2670 | D:4      | Found a staircase to the Ecumenical Temple.
  2678 | Temple   | Entered the Ecumenical Temple
  2743 | Temple   | Became a worshipper of Cheibriados the Contemplative
  2968 | D:4      | Reached XP level 6. HP: 35/38 MP: 7/9
  3100 | D:4      | You fall into a shaft and drop 3 floors!
  3188 | D:7      | Reached skill level 5 in Unarmed Combat
  3449 | D:5      | Entered Level 5 of the Dungeon
  3490 | D:5      | Noticed a phantom
  3505 | D:5      | Reached skill level 1 in Invocations
  3505 | D:5      | Reached XP level 7. HP: 13/43 MP: 3/10
  3517 | D:5      | HP: 3/64 [poisoned by an adder]
  3522 | D:5      | HP: 2/64 [poisoned by an adder]
  3527 | D:5      | HP: 2/64 [poisoned by an adder]
  3532 | D:5      | HP: 3/64 [poisoned by an adder]
  3602 | D:5      | Reached * piety under Cheibriados
  3618 | D:4      | Learned a level 4 spell: Ice Form
  4090 | D:5      | Reached skill level 1 in Stealth
  4090 | D:5      | Reached skill level 6 in Unarmed Combat
  4467 | D:5      | Reached XP level 8. HP: 15/48 MP: 9/12
  4710 | D:5      | Slain by an ice beast

Levels and vault maps discovered:
D:1:      scummos_arrival_gate, layout_loops_corners, minmay_pentomino_p2
D:2:      layout_basic, grunt_qazlal_sundering
D:3:      layout_loops_ring
D:4:      layout_loops_ring, minmay_temple_entry_water_ring
D:5:      layout_gridville, first_ration
D:6:      layout_loops_corners, serial_shops, kennysheep_mini
D:7:      layout_cave_pods, serial_rivers, chequers_serial_rivers_marsh,
          chequers_serial_rivers_large_a, chequers_serial_rivers_small_b,
          chequers_serial_rivers_micro_e
Temple:   regret_index_temple_sigil_plot

Skill      XL: |  1  2  3  4  5  6  7 |
---------------+----------------------+-----
Transmutations | 3 4 |  4.9
Poison Magic   | 1 2 |  2.0
Unarmed Combat | 4 5 6 |  6.6
Invocations    | 1 2 |  2.5
Stealth        | 2 |  2.7
Spellcasting   | 3 |  3.1
Fighting       | |  1.0
Dodging        | |  2.0

Action                   |  1- 3 |  4- 6 |  7- 9 || total
-------------------------+-------+-------+-------++-------
Melee: Unarmed           |    76 |   119 |    84 ||   279
       Constrict         |    28 |    21 |     9 ||    58
       Kick              |    27 |    18 |    14 ||    59
       Tentacles         |    11 |    15 |     6 ||    32
       Punch             |       |     5 |     2 ||     7
 Cast: Beastly Appendage |    30 |    26 |    11 ||    67
       Spider Form       |       |     6 |     7 ||    13
       Sticks to Snakes  |       |       |     5 ||     5
  Use: Scroll            |       |     4 |     3 ||     7
       Potion            |       |       |     1 ||     1
 Stab: Sleeping          |     5 |     5 |     1 ||    11
       Distracted        |       |       |     1 ||     1
  Eat: Chunk             |     1 |     5 |     1 ||     7
       Ration            |     1 |       |     1 ||     2
Armor: Skin              |     3 |     4 |     6 ||    13
Dodge: Dodged            |    37 |    83 |    55 ||   175
